AoeStats
← Lusty Argonian Maid

MegaRandom

509700106Analyzed
2v2 RM · 5d ago on Sep 27, 2026· 42m 56s· 4 players
Game mode
Random Map
Map size
Medium (4 player)
Population
200
Speed
Normal
Resources
Standard
Victory
Conquest
Starting age
Dark Age
Ending age
Imperial Age
RankedLock teamsTeams togetherTeam positionsShared explorationLock speedFull tech treeHidden civsTurbo modeCheats
Victory
Defeat
🇬🇧 Huns · United Kingdom
1431
+15
🇬🇧 Varangians · United Kingdom
1425
+15
🇹🇷 Saxons · Türkiye
1407
-15
🇹🇷 Varangians · Türkiye
1407
-15
DNA
6:54 Loom
9:23 Feudal Age
11:34 Bloodlines
29:09 Castle Age
27:32 Scale Barding Armor
27:59 Forging
29:49 Double-Bit Axe
33:22 Wheelbarrow
34:13 Chain Barding Armor
34:26 Horse Collar
37:49 Heavy Plow
40:55 Fletching
43:21 Hand Cart
LunaticRider
2:41 Loom
5:04 Loom
8:52 Feudal Age
10:01 Double-Bit Axe
10:55 Fletching
20:13 Town Watch
27:57 Castle Age
26:16 Gold Mining
28:03 Crossbowman
29:37 Bodkin Arrow
31:18 Stone Mining
41:14 Bow Saw
Lusty Argonian Maid
7:10 Loom
9:24 Feudal Age
9:50 Double-Bit Axe
11:09 Horse Collar
18:05 Bloodlines
18:38 Scale Barding Armor
21:30 Forging
23:58 Castle Age
25:01 Chain Barding Armor
24:44 Husbandry
24:06 Light Cavalry
26:49 Bow Saw
28:11 Iron Casting
31:58 Wheelbarrow
43:49 Imperial Age
42:47 Hand Cart
42:18 Town Watch
Quill-Weave
6:42 Loom
9:02 Feudal Age
9:48 Double-Bit Axe
17:37 Scale Barding Armor
19:01 Forging
19:32 Horse Collar
20:40 Bloodlines
28:25 Castle Age
29:26 Chain Barding Armor
28:28 Light Cavalry
29:09 Husbandry
34:12 Iron Casting
34:21 Gold Mining
34:56 Town Watch
Connection lost

Rejoining the realm…

Still unreachable

The connection could not be restored.

Session expired

The server has moved on; the page needs a fresh start.